[Event "EIRCC 2019"]
[Site "Tallinn"]
[Date "2019.12.05"]
[Round "5.6"]
[White "Kanep, Meelis"]
[Black "Esipenko, Andrey"]
[Result "0-1"]
[ECO "A45"]
[WhiteElo "2466"]
[BlackElo "2590"]
[Annotator "ChessBase"]
[PlyCount "82"]
[EventDate "2019.12.05"]
[EventType "swiss"]
[EventCountry "EST"]
[SourceTitle "playchess.com"]
[Source "ChessBase"]
[SourceQuality "1"]
[TimeControl "900+10"]

1. d4 Nf6 2. Bg5 e6 3. e4 h6 4. Bxf6 Qxf6 5. c3 d6 6. Bd3 Qg5 7. g3 e5 8. Ne2 Qe7 9. f4 g6 10. Nd2 Bg7 11. Qb3 Nc6 12. d5 Nb8 13. O-O-O Nd7 14. f5 Nc5 15. Qc2 Bd7 16. Rhf1 h5 17. Kb1 Bh6 18. Nb3 Nxd3 19. Qxd3 a5 20. c4 Qg5 21. Qc2 Qe3 22. Nc3 a4 23. Nc1 Qc5 24. fxg6 fxg6 25. Nb5 Ke7 26. Nd3 Qb6 27. Na3 Qa5 28. c5 b5 29. cxb6 Qxb6 30. Nc4 Qa6 31. Ndxe5 dxe5 32. d6+ cxd6 33. Rxd6 Qb5 34. Rd5 Qa6 35. Rxd7+ Kxd7 36. Qd3+ Ke7 37. Qa3+ Ke8 38. Qc5 Rh7 39. Qxe5+ Re7 40. Nd6+ Kd7 41. Qd5 Qxf1+ 0-1

[Event "EIRCC 2019"]
[Site "Tallinn"]
[Date "2019.12.05"]
[Round "5.7"]
[White "Yuffa, Daniil"]
[Black "Usmanov, Vasily"]
[Result "1-0"]
[ECO "A62"]
[WhiteElo "2587"]
[BlackElo "2428"]
[Annotator "ChessBase"]
[PlyCount "149"]
[EventDate "2019.12.05"]
[EventType "swiss"]
[EventCountry "EST"]
[SourceTitle "playchess.com"]
[Source "ChessBase"]
[SourceQuality "1"]
[TimeControl "900+10"]

1. d4 Nf6 2. c4 e6 3. g3 c5 4. d5 exd5 5. cxd5 g6 6. Nc3 d6 7. Bg2 Bg7 8. Nf3 O-O 9. O-O a6 10. a4 Nbd7 11. Bf4 Qe7 12. Re1 h6 13. Qb3 g5 14. Bc1 Re8 15. a5 Rb8 16. h4 g4 17. Nd2 Ne5 18. Nc4 Nxc4 19. Qxc4 b5 20. axb6 Rxb6 21. Qd3 Rb4 22. Qc2 Nd7 23. Bd2 Nb6 24. Nd1 Rb5 25. e4 Nd7 26. Bc3 Ne5 27. Ne3 Qb7 28. Nf5 Bxf5 29. exf5 Rb8 30. f6 Bxf6 31. Qf5 Bg7 32. Ra4 Qc8 33. Qxc8+ Rxc8 34. Rxa6 Rd8 35. Re4 h5 36. Rf4 Nd3 37. Rf5 Rxb2 38. Bxb2 Bxb2 39. Rxh5 Bd4 40. Rg5+ Kf8 41. Rxg4 Bxf2+ 42. Kh2 Ne5 43. Rga4 c4 44. Ra8 Rxa8 45. Rxa8+ Kg7 46. Be4 c3 47. Kg2 Bd4 48. Kf1 Ng4 49. Ke2 Be5 50. Kf3 Nh2+ 51. Kg2 Ng4 52. Rc8 f5 53. Bd3 Kf6 54. Rf8+ Kg7 55. Rxf5 c2 56. Bxc2 Ne3+ 57. Kf3 Nxc2 58. Ke4 Bf6 59. h5 Nb4 60. g4 Na6 61. g5 Nc5+ 62. Kf3 Bc3 63. Kg4 Nd7 64. Rf1 Nb6 65. Rd1 Nc4 66. Rc1 Ne3+ 67. Kf3 Nxd5 68. Rd1 Ne7 69. Rxd6 Bb2 70. Kg4 Bc1 71. h6+ Kf7 72. Kh5 Ke8 73. h7 Bb2 74. Rf6 Bxf6 75. gxf6 1-0

[Event "EIRCC 2019"]
[Site "Tallinn"]
[Date "2019.12.05"]
[Round "5.8"]
[White "Gretarsson, Helgi Ass"]
[Black "Popov, Valerij"]
[Result "1/2-1/2"]
[ECO "A07"]
[WhiteElo "2421"]
[BlackElo "2583"]
[Annotator "ChessBase"]
[PlyCount "85"]
[EventDate "2019.12.05"]
[EventType "swiss"]
[EventCountry "EST"]
[SourceTitle "playchess.com"]
[Source "ChessBase"]
[SourceQuality "1"]
[TimeControl "900+10"]

1. Nf3 d5 2. g3 Nf6 3. Bg2 c6 4. O-O Bg4 5. h3 Bh5 6. d3 e6 7. Nbd2 Be7 8. e4 O-O 9. Qe1 Nbd7 10. b3 Qa5 11. a3 Rfd8 12. Bb2 Ne8 13. b4 Qa4 14. Nb3 dxe4 15. Qxe4 Bf6 16. Bxf6 Nexf6 17. Qe3 Nd5 18. Qd4 Rac8 19. Qb2 Qa6 20. Nfd2 Qb6 21. c4 N5f6 22. c5 Qc7 23. Nc4 Ne8 24. Rfe1 Ndf6 25. d4 h6 26. Ne5 Nd7 27. Nc4 Rb8 28. a4 b6 29. cxb6 axb6 30. Rac1 Nef6 31. Ne3 Qd6 32. Nd2 Nf8 33. Bxc6 Qxd4 34. Qxd4 Rxd4 35. Ndc4 Nd5 36. Nxd5 exd5 37. Ne3 Rxb4 38. Nxd5 Rd4 39. Rb1 Ne6 40. a5 Nd8 41. Ne7+ Kf8 42. Rxb6 Rxb6 43. axb6 1/2-1/2

[Event "EIRCC 2019"]
[Site "Tallinn"]
[Date "2019.12.05"]
[Round "5.9"]
[White "Andriasian, Zaven"]
[Black "Nazaretyan, Tigran"]
[Result "1-0"]
[ECO "B31"]
[WhiteElo "2633"]
[BlackElo "2377"]
[Annotator "RC"]
[PlyCount "113"]
[EventDate "2019.12.05"]
[EventType "swiss"]
[EventCountry "EST"]
[SourceTitle "playchess.com"]
[Source "ChessBase"]
[SourceQuality "1"]
[TimeControl "900+10"]

1. e4 c5 2. Nf3 Nc6 3. Bb5 g6 4. Bxc6 dxc6 5. h3 Bg7 6. d3 Nf6 7. Nc3 Nd7 8. Be3 e5 9. Qd2 h6 10. Nh2 Qe7 11. O-O Nf8 12. f4 exf4 13. Bxf4 Ne6 14. Bg3 Qg5 15. Qe1 Nd4 16. Qf2 O-O 17. Bd6 Bxh3 18. Bf4 Qxg2+ 19. Qxg2 Bxg2 20. Kxg2 Nxc2 21. Rad1 Rad8 22. Rf2 Nd4 23. Nf3 f5 24. exf5 Nxf5 25. Bc1 g5 26. Ne2 Rd5 27. b3 b5 28. Rff1 Re8 29. Ng3 Ne3+ 30. Bxe3 Rxe3 31. Rfe1 Rexd3 32. Rxd3 Rxd3 33. Nf5 Bf8 34. Re6 c4 35. bxc4 bxc4 36. Rxc6 Rd5 37. Ne3 Ra5 38. Nxc4 Rxa2+ 39. Kg3 a5 40. Kg4 a4 41. Ra6 a3 42. Nfe5 Ra1 43. Kf5 Kh7 44. Ra7+ Bg7 45. Nxa3 Rf1+ 46. Ke6 h5 47. Nac4 h4 48. Ne3 Rf6+ 49. Kd5 h3 50. N3g4 Rb6 51. Ke4 Kg8 52. Nd7 Rb2 53. Kf5 h2 54. Ndf6+ Bxf6 55. Nxf6+ Kf8 56. Kg6 Rb7 57. Rxb7 1-0

[Event "EIRCC 2019"]
[Site "Tallinn"]
[Date "2019.12.05"]
[Round "5.10"]
[White "Van Foreest, Lucas"]
[Black "Aleksandrov, Aleksej"]
[Result "1-0"]
[ECO "C47"]
[WhiteElo "2399"]
[BlackElo "2576"]
[Annotator "ChessBase"]
[PlyCount "73"]
[EventDate "2019.12.05"]
[EventType "swiss"]
[EventCountry "EST"]
[SourceTitle "playchess.com"]
[Source "ChessBase"]
[SourceQuality "1"]
[TimeControl "900+10"]

1. e4 e5 2. Nf3 Nc6 3. Nc3 Nf6 4. d4 exd4 5. Nxd4 Bb4 6. Nxc6 bxc6 7. Bd3 O-O 8. O-O d5 9. Bd2 Bg4 10. f3 Bh5 11. e5 Nd7 12. Qe1 Bg6 13. f4 Bxd3 14. cxd3 Bc5+ 15. Kh1 Re8 16. Rc1 Bb6 17. Na4 c5 18. b4 Qe7 19. bxc5 Nxc5 20. Nxc5 Bxc5 21. Qg3 Bd4 22. Be3 Bxe3 23. Qxe3 f6 24. d4 fxe5 25. dxe5 Rab8 26. Qxa7 Rec8 27. Qd4 Rb5 28. f5 Qb4 29. Qd3 Rc5 30. f6 Rf8 31. Rxc5 Qxc5 32. Qg3 Rf7 33. Qg4 h6 34. Qc8+ Kh7 35. Qe6 Qc4 36. Rg1 Kg6 37. Qe8 1-0

[Event "EIRCC 2019"]
[Site "Tallinn"]
[Date "2019.12.05"]
[Round "5.11"]
[White "Krupenski, Juri"]
[Black "Babula, Vlastimil"]
[Result "1-0"]
[ECO "A40"]
[WhiteElo "2373"]
[BlackElo "2559"]
[Annotator "ChessBase"]
[PlyCount "93"]
[EventDate "2019.12.05"]
[EventType "swiss"]
[EventCountry "EST"]
[SourceTitle "playchess.com"]
[Source "ChessBase"]
[SourceQuality "1"]
[TimeControl "900+10"]

1. d4 Nf6 2. c4 e6 3. g3 Bb4+ 4. Bd2 a5 5. Bg2 d6 6. Nc3 e5 7. a3 Bxc3 8. Bxc3 e4 9. d5 Nbd7 10. Nh3 O-O 11. O-O Qe7 12. f4 Nc5 13. b4 Na6 14. e3 Ng4 15. f5 Nf6 16. g4 h6 17. g5 hxg5 18. Nxg5 Bd7 19. Qe1 Nh5 20. Qh4 f6 21. Ne6 Be8 22. Bxe4 Kh7 23. Nxf8+ Qxf8 24. Bf3 Qh8 25. Bxf6 gxf6 26. Bxh5 Kg7 27. Qg3+ Kf8 28. Bg6 Bxg6 29. fxg6 Kg7 30. Rf4 axb4 31. axb4 Qh5 32. Qg4 Qxg4+ 33. Rxg4 Re8 34. c5 dxc5 35. b5 Nb4 36. e4 Nd3 37. Ra7 Rb8 38. h4 c4 39. Ra4 Ne5 40. Rg3 Rh8 41. Ra7 Rb8 42. h5 Nd3 43. Ra4 Ne5 44. Kf1 Rh8 45. Ra7 Rxh5 46. Rxb7 Rh1+ 47. Kg2 1-0

[Event "EIRCC 2019"]
[Site "Tallinn"]
[Date "2019.12.05"]
[Round "5.12"]
[White "Nguyen, Thai Dai Van"]
[Black "Stupak, Kirill"]
[Result "1/2-1/2"]
[ECO "E36"]
[WhiteElo "2364"]
[BlackElo "2552"]
[Annotator "ChessBase"]
[PlyCount "69"]
[EventDate "2019.12.05"]
[EventType "swiss"]
[EventCountry "EST"]
[SourceTitle "playchess.com"]
[Source "ChessBase"]
[SourceQuality "1"]
[TimeControl "900+10"]

1. d4 Nf6 2. c4 e6 3. Nc3 Bb4 4. Qc2 d5 5. a3 Bxc3+ 6. Qxc3 O-O 7. Nf3 dxc4 8. Qxc4 b6 9. Bg5 Ba6 10. Qa4 Qd7 11. Qxd7 Nbxd7 12. Rc1 c5 13. Bxf6 gxf6 14. e3 Bxf1 15. Rxf1 Rfc8 16. Ke2 Kf8 17. Rfd1 Ke8 18. dxc5 Nxc5 19. Nd4 a6 20. Rc2 Na4 21. Rdc1 Rxc2+ 22. Rxc2 Kd7 23. b3 Nc5 24. b4 Ne4 25. f3 Nd6 26. a4 e5 27. Nb3 Rc8 28. Rxc8 Kxc8 29. Kd3 Kd7 30. Nd2 f5 31. Nc4 Nxc4 32. Kxc4 Kc6 33. b5+ axb5+ 34. axb5+ Kd6 35. e4 1/2-1/2

[Event "EIRCC 2019"]
[Site "Tallinn"]
[Date "2019.12.05"]
[Round "5.13"]
[White "Ruck, Robert"]
[Black "Seeman, Tarvo"]
[Result "0-1"]
[ECO "E62"]
[WhiteElo "2551"]
[BlackElo "2325"]
[Annotator "ChessBase"]
[PlyCount "120"]
[EventDate "2019.12.05"]
[EventType "swiss"]
[EventCountry "EST"]
[SourceTitle "playchess.com"]
[Source "ChessBase"]
[SourceQuality "1"]
[TimeControl "900+10"]

1. Nf3 Nf6 2. c4 g6 3. d4 Bg7 4. g3 O-O 5. Bg2 d6 6. O-O Nc6 7. Nc3 e5 8. d5 Nb8 9. e4 a5 10. Ne1 Na6 11. Nd3 Bd7 12. f4 exf4 13. gxf4 Nh5 14. Be3 Nb4 15. Ne1 Qe7 16. Bf3 f5 17. Bxh5 gxh5 18. e5 dxe5 19. Qxh5 Ra6 20. Kh1 Rg6 21. a3 Na6 22. Ng2 e4 23. Rg1 Be8 24. Qe2 Nc5 25. Raf1 Nd3 26. Ne1 Nxe1 27. Qxe1 Rxg1+ 28. Rxg1 Bh5 29. Rg3 Bf3+ 30. Kg1 Rf6 31. Qf2 Rg6 32. Kf1 Bxc3 33. bxc3 Qxa3 34. Rxg6+ hxg6 35. Qd2 Qa1+ 36. Kf2 Qd1 37. Qxd1 Bxd1 38. c5 Kf7 39. Bc1 Bb3 40. d6 cxd6 41. cxd6 Ke6 42. Ba3 Ba4 43. c4 Bb3 44. c5 Ba4 45. Bb2 Bb5 46. Ke3 Kd5 47. Ba3 Kc4 48. Kd2 Kb3 49. Bc1 Kb4 50. Kc2 Kxc5 51. Ba3+ Kc4 52. Kd2 Bd7 53. Kc2 b5 54. Kd2 b4 55. Bb2 a4 56. Be5 a3 57. Bf6 b3 58. Be5 b2 59. Kc2 Ba4+ 60. Kb1 Kb3 0-1

[Event "EIRCC 2019"]
[Site "Tallinn"]
[Date "2019.12.05"]
[Round "5.14"]
[White "Timerkhanov, Alexander"]
[Black "Hjartarson, Johann"]
[Result "0-1"]
[ECO "A45"]
[WhiteElo "2363"]
[BlackElo "2534"]
[Annotator "ChessBase"]
[PlyCount "56"]
[EventDate "2019.12.05"]
[EventType "swiss"]
[EventCountry "EST"]
[SourceTitle "playchess.com"]
[Source "ChessBase"]
[SourceQuality "1"]
[TimeControl "900+10"]

1. d4 Nf6 2. Bg5 g6 3. Bxf6 exf6 4. e3 Bg7 5. Bd3 f5 6. Nd2 O-O 7. Qf3 d6 8. Ne2 Nd7 9. h3 Nf6 10. O-O-O c5 11. c3 Be6 12. Kb1 Bd5 13. Qg3 Qa5 14. Nc4 Bxc4 15. Bxc4 b5 16. Bd3 c4 17. Bc2 Qb6 18. Ka1 a5 19. Qf3 b4 20. Nf4 Rfb8 21. Rb1 b3 22. axb3 cxb3 23. Bd3 a4 24. Nd5 Nxd5 25. Qxd5 a3 26. Bc4 Rb7 27. bxa3 b2+ 28. Ka2 Rxa3+ 0-1

[Event "EIRCC 2019"]
[Site "Tallinn"]
[Date "2019.12.05"]
[Round "5.15"]
[White "Putka, Verners"]
[Black "Belyakov, Bogdan"]
[Result "0-1"]
[ECO "E63"]
[WhiteElo "2358"]
[BlackElo "2520"]
[Annotator "ChessBase"]
[PlyCount "74"]
[EventDate "2019.12.05"]
[EventType "swiss"]
[EventCountry "EST"]
[SourceTitle "playchess.com"]
[Source "ChessBase"]
[SourceQuality "1"]
[TimeControl "900+10"]

1. d4 Nf6 2. Nf3 g6 3. g3 Bg7 4. Bg2 O-O 5. O-O d6 6. c4 Nc6 7. Nc3 a6 8. b3 Rb8 9. Bb2 b5 10. cxb5 axb5 11. d5 Na5 12. Nd4 b4 13. Nb1 e6 14. dxe6 fxe6 15. Nd2 c5 16. N4f3 Qe7 17. a3 bxa3 18. Rxa3 Nc6 19. Nc4 Rd8 20. Qa1 e5 21. Rd1 Bb7 22. e3 Bf8 23. Ne1 Ra8 24. Rxa8 Rxa8 25. Qc1 Rd8 26. f4 exf4 27. exf4 Nd4 28. Bxd4 cxd4 29. Nf3 Rc8 30. Qd2 Ne4 31. Qxd4 d5 32. Ne3 Qa3 33. Bh3 Re8 34. Kg2 Bc5 35. Qd3 Nf2 36. Nc2 Nxd3 37. Nxa3 Re2+ 0-1

[Event "EIRCC 2019"]
[Site "Tallinn"]
[Date "2019.12.05"]
[Round "5.16"]
[White "Chernyak, Viktoria"]
[Black "Lobanov, Sergei"]
[Result "0-1"]
[ECO "A20"]
[WhiteElo "2233"]
[BlackElo "2483"]
[Annotator "ChessBase"]
[PlyCount "118"]
[EventDate "2019.12.05"]
[EventType "swiss"]
[EventCountry "EST"]
[SourceTitle "playchess.com"]
[Source "ChessBase"]
[SourceQuality "1"]
[TimeControl "900+10"]

1. c4 e5 2. g3 Nf6 3. Bg2 c6 4. d4 Bb4+ 5. Bd2 Qe7 6. dxe5 Bxd2+ 7. Qxd2 Qxe5 8. Nc3 O-O 9. Nf3 Qe7 10. O-O Na6 11. Rad1 Nc5 12. Nd4 d6 13. Nb3 Nxb3 14. axb3 Rd8 15. e4 Ne8 16. h3 Be6 17. Kh2 f6 18. f4 Bf7 19. Qf2 Nc7 20. Rfe1 Na6 21. Ne2 Nc5 22. Nd4 Qc7 23. Qc2 a5 24. Re3 Rd7 25. h4 Bh5 26. Rde1 Bg4 27. Qf2 Re8 28. Ne2 Rde7 29. Nd4 Qb6 30. Qd2 Qb4 31. Qc1 Kf8 32. Qc2 Kg8 33. Qc1 h6 34. Qc2 Kh8 35. Qc1 Kh7 36. Qc2 Kg8 37. Qc1 Kh7 38. Qc2 Kg8 39. Qc1 f5 40. e5 dxe5 41. fxe5 Rd8 42. Qc3 Ne6 43. Nf3 Red7 44. R1e2 Rd1 45. Rf2 Qc5 46. Rfe2 f4 47. gxf4 Qf8 48. f5 Qxf5 49. Re1 R1d3 50. Qc1 Nf4 51. Bh1 Bxf3 52. Bxf3 Qh3+ 53. Kg1 Qg3+ 54. Kf1 Qxh4 55. e6 Nxe6 56. Bd5 cxd5 57. Rxd3 Rf8+ 58. Ke2 Rf2+ 59. Kd1 Qg4+ 0-1

[Event "EIRCC 2019"]
[Site "Tallinn"]
[Date "2019.12.05"]
[Round "5.17"]
[White "Azimov, Ilyas"]
[Black "Pohjala, Henri"]
[Result "0-1"]
[ECO "B01"]
[WhiteElo "2203"]
[BlackElo "2418"]
[Annotator "NA"]
[PlyCount "112"]
[EventDate "2019.12.05"]
[EventType "swiss"]
[EventCountry "EST"]
[SourceTitle "playchess.com"]
[Source "ChessBase"]
[SourceQuality "1"]
[TimeControl "900+10"]

1. e4 d5 2. exd5 Qxd5 3. Nc3 Qd6 4. d4 Nf6 5. Nf3 a6 6. g3 Bg4 7. Bg2 Nc6 8. O-O O-O-O 9. d5 Ne5 10. Bf4 Nxf3+ 11. Bxf3 Bxf3 12. Qxf3 e5 13. dxe6 Qxe6 14. Rfe1 Qf5 15. Re5 Qxc2 16. Rc1 Rd3 17. Qg2 Qxb2 18. Re2 Qa3 19. Qh3+ Rd7 20. Nd5 Bc5 21. Nxf6 gxf6 22. Qf5 b6 23. Re7 Rhd8 24. Rxd7 Rxd7 25. Rd1 Qa4 26. Rd2 Qc6 27. h4 Qe6 28. Qb1 Rxd2 29. Bxd2 h5 30. Qd1 Qd5 31. Qe2 Kb7 32. Bc3 Qf5 33. Kg2 b5 34. f3 Bd6 35. Qe4+ Qxe4 36. fxe4 c5 37. Bxf6 c4 38. Kf3 b4 39. a3 a5 40. axb4 axb4 41. g4 hxg4+ 42. Kxg4 Bf8 43. Kg5 Kc6 44. Bd4 c3 45. h5 Kd7 46. h6 Bxh6+ 47. Kxh6 Kc6 48. Kg7 Kb5 49. Kxf7 Kc4 50. e5 Kxd4 51. e6 c2 52. e7 c1=Q 53. e8=Q Qf4+ 54. Kg8 Qg5+ 55. Kh7 Qf5+ 56. Kh6 Qf4+ 0-1

[Event "EIRCC 2019"]
[Site "Tallinn"]
[Date "2019.12.05"]
[Round "5.20"]
[White "Mamedov, Rauf"]
[Black "Askerov, Marat"]
[Result "1-0"]
[ECO "B10"]
[WhiteElo "2679"]
[BlackElo "2243"]
[Annotator "ChessBase"]
[PlyCount "115"]
[EventDate "2019.12.05"]
[EventType "swiss"]
[EventCountry "EST"]
[SourceTitle "playchess.com"]
[Source "ChessBase"]
[SourceQuality "1"]
[TimeControl "900+10"]

1. e4 c6 2. Ne2 d5 3. e5 Bf5 4. Ng3 Bg6 5. h4 h5 6. Be2 e6 7. d4 Be7 8. Nxh5 Bxh5 9. Bxh5 g6 10. Be2 Rxh4 11. Rxh4 Bxh4 12. Nd2 Bg5 13. Nf3 Bxc1 14. Qxc1 Nd7 15. Qf4 Qe7 16. O-O-O O-O-O 17. Rh1 f6 18. exf6 Ngxf6 19. Bd3 Rg8 20. Re1 g5 21. Qe3 Ng4 22. Qxe6 Qxe6 23. Rxe6 Nxf2 24. Bf5 g4 25. Nh4 Rg7 26. g3 Kd8 27. Kd2 Nh1 28. Re3 Re7 29. Rd3 Nf6 30. Ng6 Ne4+ 31. Bxe4 Rxe4 32. c3 Kd7 33. Nh4 Ke6 34. Ng2 Kf5 35. Ne3+ Kg5 36. Nd1 Re7 37. a4 a5 38. b4 b6 39. bxa5 bxa5 40. c4 dxc4 41. Rc3 Rd7 42. Rxc4 Nxg3 43. Ne3 Kf4 44. Kd3 Kf3 45. Rxc6 Nh5 46. d5 Nf4+ 47. Kd4 g3 48. Rf6 Re7 49. Nf5 Re4+ 50. Kc5 g2 51. Nh4+ Kg4 52. Nxg2 Nxg2 53. d6 Nf4 54. d7 Re5+ 55. Kd6 Rd5+ 56. Kc6 Rd4 57. Rd6 Rc4+ 58. Kb5 1-0

[Event "EIRCC 2019"]
[Site "Tallinn"]
[Date "2019.12.05"]
[Round "5.23"]
[White "Postny, Evgeny"]
[Black "Nivala, Tuomas"]
[Result "1-0"]
[ECO "E04"]
[WhiteElo "2598"]
[BlackElo "2236"]
[Annotator "ChessBase"]
[PlyCount "55"]
[EventDate "2019.12.05"]
[EventType "swiss"]
[EventCountry "EST"]
[SourceTitle "playchess.com"]
[Source "ChessBase"]
[SourceQuality "1"]
[TimeControl "900+10"]

1. d4 d5 2. c4 e6 3. Nf3 Nf6 4. g3 dxc4 5. Bg2 Bd7 6. Ne5 Nc6 7. Nxc4 Bb4+ 8. Nc3 O-O 9. O-O Rb8 10. a3 b5 11. axb4 bxc4 12. b5 Nb4 13. Ra4 Nbd5 14. e4 Nxc3 15. bxc3 Rb7 16. Bg5 Bxb5 17. e5 Bxa4 18. Qxa4 Rb2 19. exf6 gxf6 20. Bh6 Re8 21. Qxc4 Qd6 22. d5 f5 23. dxe6 Qxe6 24. Bd5 Qxh6 25. Bxf7+ Kf8 26. Bxe8 Kxe8 27. Re1+ Kd8 28. Qd5+ 1-0

[Event "EIRCC 2019"]
[Site "Tallinn"]
[Date "2019.12.05"]
[Round "5.24"]
[White "Stocek, Jiri"]
[Black "Haitin, Ilja"]
[Result "1-0"]
[ECO "D24"]
[WhiteElo "2532"]
[BlackElo "2232"]
[Annotator "ChessBase"]
[PlyCount "99"]
[EventDate "2019.12.05"]
[EventType "swiss"]
[EventCountry "EST"]
[SourceTitle "playchess.com"]
[Source "ChessBase"]
[SourceQuality "1"]
[TimeControl "900+10"]

1. d4 d5 2. c4 dxc4 3. Nf3 Nf6 4. Nc3 c5 5. d5 e6 6. e4 exd5 7. e5 Ne4 8. Qxd5 Nxc3 9. Qxd8+ Kxd8 10. bxc3 Nc6 11. Bxc4 Be6 12. Bxe6 fxe6 13. Ng5 Ke7 14. f4 h6 15. Ne4 Kf7 16. h4 h5 17. Ng5+ Ke7 18. Ke2 Rd8 19. Be3 b6 20. Rad1 g6 21. Rxd8 Nxd8 22. Rd1 Bh6 23. Ne4 Nf7 24. a4 Rd8 25. Rb1 Kd7 26. g4 hxg4 27. Rg1 Rh8 28. Rxg4 Bf8 29. Bf2 Rh6 30. Nf6+ Kc6 31. c4 Bg7 32. Ng8 Rh8 33. Ne7+ Kd7 34. Nxg6 Rh7 35. Rg1 Rh6 36. Kf3 Ke8 37. Ke4 Nd8 38. a5 Kf7 39. axb6 axb6 40. Ne7 Kxe7 41. Rxg7+ Nf7 42. Rg8 Rh8 43. Rxh8 Nxh8 44. h5 Nf7 45. Bh4+ Kf8 46. f5 exf5+ 47. Kxf5 Kg7 48. Bg5 Kh7 49. Kf6 Nd8 50. e6 1-0

[Event "EIRCC 2019"]
[Site "Tallinn"]
[Date "2019.12.05"]
[Round "5.25"]
[White "Potapov, Pavel"]
[Black "Sysolyatin, Evgeny"]
[Result "1/2-1/2"]
[ECO "C54"]
[WhiteElo "2482"]
[BlackElo "2231"]
[Annotator "ChessBase"]
[PlyCount "111"]
[EventDate "2019.12.05"]
[EventType "swiss"]
[EventCountry "EST"]
[SourceTitle "playchess.com"]
[Source "ChessBase"]
[SourceQuality "1"]
[TimeControl "900+10"]

1. e4 e5 2. Nf3 Nc6 3. Bc4 Bc5 4. c3 Nf6 5. d4 exd4 6. e5 d5 7. Bb5 Ne4 8. cxd4 Bb4+ 9. Bd2 Bxd2+ 10. Nbxd2 Bd7 11. Bxc6 Bxc6 12. O-O O-O 13. Rc1 Nxd2 14. Qxd2 Bd7 15. Qc3 c6 16. Rfe1 Bf5 17. Nd2 f6 18. Nf1 fxe5 19. Rxe5 Qf6 20. Qe3 Bg6 21. Nd2 Qf4 22. g3 Qxe3 23. Rxe3 Rfe8 24. Rce1 Rxe3 25. Rxe3 Re8 26. Rxe8+ Bxe8 27. f4 Kf7 28. Kf2 Ke6 29. g4 b6 30. b4 Kd6 31. Nb3 h5 32. h3 hxg4 33. hxg4 Ke6 34. Kg3 Kf6 35. f5 g6 36. fxg6 Bxg6 37. Kf4 Bc2 38. Nd2 Ke6 39. Nf1 Bb1 40. a3 Kd6 41. Ne3 c5 42. Nf5+ Bxf5 43. dxc5+ bxc5 44. gxf5 cxb4 45. axb4 a6 46. Kg5 d4 47. Kf4 d3 48. Ke3 Ke5 49. Kxd3 Kxf5 50. Kd4 Ke6 51. Kc5 a5 52. bxa5 Kd7 53. Kb6 Kc8 54. a6 Kb8 55. a7+ Ka8 56. Ka6 1/2-1/2

[Event "EIRCC 2019"]
[Site "Tallinn"]
[Date "2019.12.05"]
[Round "5.26"]
[White "Valner, Uku"]
[Black "Loginov, Valery A"]
[Result "0-1"]
[ECO "B26"]
[WhiteElo "2243"]
[BlackElo "2461"]
[Annotator "ChessBase"]
[PlyCount "108"]
[EventDate "2019.12.05"]
[EventType "swiss"]
[EventCountry "EST"]
[SourceTitle "playchess.com"]
[Source "ChessBase"]
[SourceQuality "1"]
[TimeControl "900+10"]

1. e4 c5 2. Nc3 Nc6 3. g3 g6 4. Bg2 Bg7 5. d3 d6 6. Be3 e5 7. Qd2 Be6 8. Nd5 Bxd5 9. exd5 Nce7 10. Ne2 Nf5 11. Nc3 Nge7 12. h4 Nxe3 13. fxe3 h5 14. Bh3 f5 15. e4 Qb6 16. O-O c4+ 17. Kh1 cxd3 18. cxd3 Bh6 19. Qe2 f4 20. g4 Bg7 21. Rac1 hxg4 22. Qxg4 Bf6 23. Qe6 Bxh4 24. Rc2 Rd8 25. Rf3 Rf8 26. Rg2 Rf6 27. Qg4 Be1 28. Qg5 Rf7 29. Qh6 Bxc3 30. bxc3 Qb1+ 31. Rg1 Qc2 32. Be6 Qe2 33. Rh3 f3 34. Bxf7+ Kxf7 35. Qh7+ Ke8 36. Qh8+ Kd7 37. Qf6 f2 38. Qe6+ Kc7 39. Rh7 Qf3+ 40. Kh2 fxg1=Q+ 41. Kxg1 Qg3+ 42. Kh1 Rd7 43. d4 Qxc3 44. Rxe7 Qe1+ 45. Kg2 Qxe4+ 46. Kf1 Qf5+ 47. Ke2 Qxe6 48. Rxe6 exd4 49. Rxg6 Kb6 50. Kd3 Kc5 51. Rg5 Re7 52. a4 Re3+ 53. Kd2 Rb3 54. Kc2 Rb4 0-1

[Event "EIRCC 2019"]
[Site "Tallinn"]
[Date "2019.12.05"]
[Round "5.27"]
[White "Thorfinnsson, Bragi"]
[Black "Martinez Pla, Xavier"]
[Result "1-0"]
[ECO "E46"]
[WhiteElo "2457"]
[BlackElo "2229"]
[Annotator "ChessBase"]
[PlyCount "97"]
[EventDate "2019.12.05"]
[EventType "swiss"]
[EventCountry "EST"]
[SourceTitle "playchess.com"]
[Source "ChessBase"]
[SourceQuality "1"]
[TimeControl "900+10"]

1. d4 Nf6 2. c4 e6 3. Nc3 Bb4 4. e3 O-O 5. Nge2 c6 6. a3 Ba5 7. b4 Bc7 8. e4 d5 9. cxd5 exd5 10. e5 Ne8 11. Be3 Nd7 12. Nf4 Nb6 13. Bd3 Qe7 14. Qc2 g6 15. h4 f6 16. exf6 Rxf6 17. Nfe2 Rf7 18. h5 Bf5 19. hxg6 hxg6 20. g4 Bxd3 21. Qxd3 a5 22. b5 Nc4 23. bxc6 bxc6 24. Qxg6+ Rg7 25. Qxc6 Nxe3 26. fxe3 Rd8 27. Nxd5 Qe4 28. Qxe8+ Qxe8 29. Nf6+ Kf7 30. Nxe8 Rxe8 31. Kd2 Rxg4 32. Rh7+ Rg7 33. Rxg7+ Kxg7 34. Kd3 Rb8 35. Kc4 Re8 36. Kd3 Rb8 37. Nc3 Bd6 38. a4 Kf7 39. Nb5 Bb4 40. Rc1 Rh8 41. e4 Ke6 42. Rc6+ Kd7 43. Rg6 Rh1 44. d5 Rd1+ 45. Kc4 Re1 46. Rg7+ Kd8 47. Kd4 Ke8 48. d6 Rd1+ 49. Ke5 1-0

[Event "EIRCC 2019"]
[Site "Tallinn"]
[Date "2019.12.05"]
[Round "5.28"]
[White "Burg, Brent"]
[Black "Ladva, Ottomar"]
[Result "0-1"]
[ECO "A46"]
[WhiteElo "2236"]
[BlackElo "2446"]
[Annotator "NA"]
[PlyCount "110"]
[EventDate "2019.12.05"]
[EventType "swiss"]
[EventCountry "EST"]
[SourceTitle "playchess.com"]
[Source "ChessBase"]
[SourceQuality "1"]
[TimeControl "900+10"]

1. d4 Nf6 2. Nf3 d5 3. g3 c6 4. Bg2 Bg4 5. O-O Nbd7 6. Nbd2 e6 7. c4 Bd6 8. b3 h5 9. h4 Bf5 10. Bb2 Qb8 11. Ng5 Ng4 12. e4 Bxg3 13. fxg3 Qxg3 14. Rf3 Qh2+ 15. Kf1 dxe4 16. Ngxe4 Qxh4 17. Nd6+ Kf8 18. Nxf5 exf5 19. Ba3+ Kg8 20. Bd6 Re8 21. Bg3 Qf6 22. Bf2 Nxf2 23. Rxf2 Qxd4 24. Nf3 Qxd1+ 25. Rxd1 Nf6 26. Rfd2 g6 27. b4 Kg7 28. b5 cxb5 29. cxb5 Ng4 30. Rc1 Ne3+ 31. Kf2 Re7 32. Rd3 Rhe8 33. Rdc3 f4 34. Rc7 Nxg2 35. Kxg2 Kf6 36. Rxe7 Rxe7 37. Rc5 Re2+ 38. Kf1 Rxa2 39. Ng5 h4 40. Ne4+ Kg7 41. Ng5 Rb2 42. Kg1 a5 43. bxa6 bxa6 44. Rc7 Kf6 45. Nh7+ Kf5 46. Rxf7+ Kg4 47. Nf6+ Kf3 48. Nd5 g5 49. Rf5 Kg4 50. Re5 h3 51. Nf6+ Kh4 52. Nh7 Rb1+ 53. Kh2 g4 54. Rh5+ Kxh5 55. Nf6+ Kh4 0-1

[Event "EIRCC 2019"]
[Site "Tallinn"]
[Date "2019.12.05"]
[Round "5.29"]
[White "Cerveny, Martin"]
[Black "Lopusiewicz, Piotr"]
[Result "1-0"]
[ECO "A46"]
[WhiteElo "2432"]
[BlackElo "2222"]
[Annotator "NA"]
[PlyCount "95"]
[EventDate "2019.12.05"]
[EventType "swiss"]
[EventCountry "EST"]
[SourceTitle "playchess.com"]
[Source "ChessBase"]
[SourceQuality "1"]
[TimeControl "900+10"]

1. d4 Nf6 2. Nf3 d5 3. c4 e6 4. g3 Bb4+ 5. Bd2 Be7 6. Bg2 O-O 7. O-O c6 8. Qc2 Nbd7 9. Rd1 b6 10. Bg5 Bb7 11. cxd5 cxd5 12. Nc3 Rc8 13. Rac1 Ne4 14. Bxe7 Qxe7 15. Qb3 Nxc3 16. Rxc3 Rxc3 17. Qxc3 Rc8 18. Qd2 Ba6 19. e3 Qd6 20. Rc1 Rc6 21. h4 h6 22. Kh2 Qc7 23. Rxc6 Qxc6 24. b3 Qd6 25. Qc3 Bb7 26. a4 a5 27. Bf1 Qc6 28. Qd2 Qd6 29. Bd3 e5 30. Bf5 exd4 31. exd4 Nf6 32. Ne5 g6 33. Bh3 Kg7 34. f3 Qa3 35. Qc2 Qd6 36. Bc8 Qb8 37. Bh3 Qd8 38. Qc1 Qe7 39. g4 Ne8 40. g5 hxg5 41. hxg5 Qc7 42. Qf4 f6 43. gxf6+ Nxf6 44. Bf5 Bc8 45. Bxg6 Qc3 46. Bf5 Qb2+ 47. Kh3 Qc2 48. Qg5+ 1-0